Map: Dusk Towers

Players

GetDiddled

  • Race: Terran Terran
  • League: Bronze

Shufu - Winner!

  • Race: Protoss Protoss
  • League: Silver

VOD

Have the link to the VOD?

Description

Time

  • Played on: March 1, 2016, 3:22 a.m.
  • Length: 11:04
Show
View Real Time Build Order
Export as new Build Order

GetDiddled Terran 

Build Orders:  

Get SALT Encoding   

  12  0:01  SCV  
  13  0:13  SCV  
  14  0:17  Supply Depot  
  14  0:25  SCV  
  15  0:39  SCV  
  15  0:40  Barracks  
  16  0:50  Refinery  
  16  0:51  SCV  
  17  1:03  SCV  
  18  1:11  Supply Depot  
  18  1:18  SCV  
  19  1:37  Bunker  
  19  1:39  Orbital Command  
  19  1:40  Reaper  
  20  1:49  Barracks  
  20  1:55  Refinery  
  20  2:03  Supply Depot  
  20  2:05  SCV  
  21  2:14  Marine  
  22  2:27  SCV  
  23  2:34  Barracks  
  23  2:36  Marine  
  23  2:37  Marine  
  24  2:43  Supply Depot  
  25  2:59  Marine, SCV  
  25  3:00  Marine  
  27  3:09  Supply Depot  
  27  3:15  SCV  
  28  3:20  Command Center, Barracks Reactor  
  28  3:22  Barracks Reactor  
  28  3:30  Marine  
  29  3:40  SCV  
  30  3:43  Supply Depot  
  30  3:57  SCV, Engineering Bay  
  30  3:58  Marine x2  
  30  3:59  Marine x2  
  35  4:07  Barracks Tech Lab  
  35  4:08  Supply Depot  
  35  4:16  Factory, SCV  
  36  4:18  Marine  
  36  4:19  Marine x2  
  39  4:28  SCV  
  39  4:29  Marine  
  41  4:33  Marauder  
  43  4:43  Orbital Command, SCV  
  44  4:54  Marine x4  
  44  4:57  Marauder  
  50  5:00  Widow Mine  
  52  5:11  Starport  
  52  5:12  SCV x2  
  54  5:18  Supply Depot  
  54  5:30  Marine x4  
  54  5:32  Marauder  
  54  5:35  Widow Mine  
  62  5:49  SCV x2  
  64  5:55  Engineering Bay, Terran Infantry Weapons Level 1  
  63  6:11  Marine x2  
  63  6:12  Marine x2  
  63  6:13  Factory Tech Lab, Marauder  
  63  6:15  Medivac  
  71  6:46  Marine x4  
  75  6:47  Marauder  
  75  6:48  Siege Tank  
  75  6:49  Medivac  
  82  6:55  SCV x2  
  82  6:58  Barracks  
  84  7:02  Refinery  
  84  7:04  Refinery  
  84  7:08  Terran Infantry Armor Level 1  
  84  7:11  Marine x4  
  84  7:13  SCV x2  
  90  7:16  Marauder  
  92  7:42  Marine x2  
  94  7:48  Marine x2  
  94  7:49  Marauder, Siege Tank  
  101  7:52  Supply Depot  
  101  7:55  Stimpack  
  101  7:57  Supply Depot  
  101  8:01  SCV x2  
  101  8:02  Marine x2  
  101  8:03  Barracks Reactor  
  101  8:05  Starport Reactor  
  105  8:14  Marine x2  
  105  8:15  Marauder  
  110  8:20  SCV x2  
  111  8:27  Armory  
  111  8:36  SCV  
  111  8:37  SCV  
  113  8:43  Marine x2  
  113  8:44  Marine x4  
  113  8:45  Marauder  
  113  8:48  Siege Tank  
  123  9:03  Marine x3  
  123  9:09  Supply Depot  
  126  9:13  Supply Depot, Marine x3  
  129  9:21  SCV x2  
  131  9:37  Command Center  
  131  9:53  Marine  
  131  9:54  Marine x5  
  101  10:20  Marine x6  
  88  10:22  Marauder, Siege Tank, Medivac  
  81  10:40  Marine x3  
  81  10:41  Marine x3  
  87  10:43  Marauder  
Show
View Real Time Build Order
Export as new Build Order

Shufu Protoss - Winner!

Build Orders:  

Get SALT Encoding   

  12  0:01  Probe (Chrono Boost)  
  13  0:12  Probe (Chrono Boost)  
  14  0:20  Pylon  
  14  0:23  Probe (Chrono Boost)  
  15  0:29  Assimilator  
  15  0:39  Gateway  
  15  0:43  Probe (Chrono Boost)  
  16  0:56  Probe (Chrono Boost)  
  17  1:06  Probe (Chrono Boost)  
  18  1:17  Probe (Chrono Boost), Forge  
  19  1:23  Pylon  
  19  1:27  Probe (Chrono Boost)  
  20  1:32  Cybernetics Core  
  20  1:38  Zealot  
  22  1:47  Assimilator  
  22  1:51  Probe (Chrono Boost)  
  23  2:01  Probe (Chrono Boost)  
  23  2:04  Photon Cannon  
  24  2:10  Warp Gate (Chrono Boost)  
  24  2:12  Probe (Chrono Boost)  
  24  2:14  Stalker  
  27  2:38  Nexus  
  27  2:51  Gateway  
  27  3:16  Pylon  
  27  3:23  Stargate  
  27  3:42  Pylon  
  27  3:44  Stalker x2  
  31  3:55  Probe  
  32  4:06  Probe, Gateway  
  33  4:10  Gateway  
  33  4:16  Probe  
  33  4:18  Pylon  
  34  4:27  Probe  
  35  4:36  Robotics Facility  
  35  4:37  Probe  
  35  4:39  Stalker  
  35  4:41  Stalker  
  40  4:48  Probe  
  40  4:51  Assimilator  
  41  4:56  Assimilator  
  41  4:58  Probe  
  41  5:02  Protoss Ground Weapons Level 1 (Chrono Boost)  
  42  5:09  Probe  
  43  5:17  Pylon  
  43  5:19  Probe  
  43  5:25  Robotics Bay  
  43  5:26  Stalker  
  46  5:30  Probe  
  47  5:41  Probe  
  48  5:46  Immortal (Chrono Boost)  
  48  5:48  Zealot  
  54  5:51  Probe  
  54  5:52  Zealot  
  57  6:02  Probe  
  58  6:12  Probe, Extended Thermal Lance (Chrono Boost)  
  59  6:18  Stalker  
  59  6:20  Immortal  
  59  6:23  Probe  
  66  6:33  Probe  
  67  6:44  Probe  
  68  6:49  Twilight Council  
  68  6:51  Protoss Ground Armor Level 1  
  68  6:53  Pylon  
  68  6:54  Probe  
  68  6:56  Pylon  
  68  6:58  Stalker x2  
  68  7:00  Stalker  
  75  7:05  Probe  
  76  7:15  Probe  
  76  7:17  Pylon  
  76  7:21  Pylon  
  77  7:29  Colossus (Chrono Boost)  
  83  7:36  Nexus  
  83  7:37  Stalker  
  83  7:38  Stalker  
  83  7:40  Stalker  
  89  8:10  Pylon  
  89  8:13  Pylon  
  89  8:16  Pylon, Stalker x3  
  89  8:17  Colossus (Chrono Boost)  
  89  8:18  Assimilator  
  101  8:23  Assimilator  
  101  8:35  Probe  
  102  8:46  Probe  
  103  8:57  Stalker  
  103  8:58  Stalker  
  103  8:59  Stalker  
  103  9:00  Stalker  
  111  9:03  Disruptor (Chrono Boost)  
  114  9:15  Probe x2  
  115  9:21  Probe  
  117  9:26  Probe  
  117  9:27  Probe  
  117  9:31  Stalker x3  
  121  9:32  Stalker, Probe  
  121  9:35  Disruptor (Chrono Boost)  
  121  9:36  Probe  
  132  9:39  Probe  
  133  9:47  Probe  
  108  10:30  Stalker  
  108  10:31  Stalker x2  
  108  10:32  Stalker  
  122  10:48  Robotics Facility  
Tags
 
Add a new tag
Caveats
  • Supply blocks, unpowered buildings, or Contaminate may cause inaccurate times.
  • Supply counts are checked every 10 seconds.